 Dungeon Crawl Stone Soup version 0.31-a0-986-g5e6e4ef867 (webtiles) character file.

Game seed: 16976647430108378693

77617 FakeRyeBread the Brawler (level 15, -6/153 HPs)
             Began as a Troll Fighter on Nov 9, 2023.
             Was the Champion of Wu Jian.
             Mangled by a 15-headed hydra (8 damage)
             ... on level 14 of the Dungeon.
             The game lasted 00:52:26 (18150 turns).

FakeRyeBread the Brawler (Troll Fighter)           Turns: 18150, Time: 00:52:27

Health: -6/153     AC: 12    Str: 27    XL:     15   Next: 15%
Magic:  14/14      EV: 12    Int:  9    God:    Wu Jian [******]
Gold:   1421       SH: 17    Dex: 10    Spells: 14/14 levels left

rFire   . .          .
                       - Unarmed
rCold   + + +        b - +1 kite shield
rNeg    + . .        O - +4 skin of Zhor {*Englaciate rC+++ SInv}
rPois   +            j - +1 hat
rElec   .            r - +2 ratskin cloak {*Rats rPois rN+ Str-1 Int-1 Dex+1}
rCorr   +            (gloves unavailable)
SInv    +            (boots unavailable)
Will    ++...        n - amulet of reflection
Stlth   +            I - ring of willpower
HPRegen 1.25/turn    i - ring of resist corrosion
MPRegen 0.14/turn

%: reflection
@: about to teleport
A: large, unfitting armour, claws 3, regeneration 1, shaggy fur 1, tough skin 1
a: Renounce Religion, Wall Jump, Serpent's Lash, Heavenly Storm


You were on level 14 of the Dungeon.
You worshipped Wu Jian.
Wu Jian was exalted by your worship.
You visited 3 branches of the dungeon, and saw 20 of its levels.
You also visited: Ice Cave.

You collected 1421 gold pieces.

Inventory:

Missiles
 g - a boomerang
 C - 4 large rocks
 E - 61 poisoned darts
 K - 4 javelins
Armour
 b - a +1 kite shield (worn)
 j - a +1 hat (worn)
 r - the +2 ratskin cloak (worn) {*Rats rPois rN+ Str-1 Int-1 Dex+1}
   (You found it on level 5 of the Dungeon)

   *Rats:     When the wearer is hurt, rats may emerge from it to assist them.
   Str-1:     It affects your strength (-1).
   Int-1:     It affects your intelligence (-1).
   Dex+1:     It affects your dexterity (+1).
   rPois:     It protects you from poison rN+: It protects you from negative
   energy.
 F - a +1 cloak of stealth
 O - the +4 skin of Zhor (worn) {*Englaciate rC+++ SInv}
   (You found it in an ice cave)

   *Englaciate: It radiates cold, occasionally slowing all nearby creatures who
   are not resistant to cold.
   rC+++:     It renders you almost immune to cold.
   SInv:      It lets you see invisible.
Jewellery
 i - a ring of resist corrosion (right claw)
 n - an amulet of reflection (around neck)
 s - an amulet of the acrobat
 A - a +6 ring of intelligence
 H - a +6 ring of strength
 I - a ring of willpower (left claw)
Wands
 l - a wand of polymorph (17)
 u - a wand of roots (21)
 D - a wand of digging (3)
 N - a wand of charming (1)
Scrolls
 a - 2 scrolls of teleportation
 t - 4 scrolls of enchant weapon
 v - 2 scrolls of summoning
 w - a scroll of revelation
 y - 2 scrolls of silence
 B - 5 scrolls of poison
 J - 2 scrolls of amnesia
 M - 2 scrolls of fog
 P - a scroll of identify
Potions
 c - 3 potions of might
 e - 4 potions of attraction
 f - a potion of degeneration
 h - 2 potions of lignification {unknown}
 k - a potion of magic
 m - 5 potions of curing
 o - 2 potions of berserk rage {unknown}
 p - a potion of heal wounds
 q - a potion of invisibility {unknown}
 z - a potion of resistance
 G - a potion of brilliance
 L - 2 potions of mutation {unknown}
 Q - a potion of ambrosia {unknown}
Miscellaneous
 x - a condenser vane (inert) (quivered)


   Skills:
 + Level 11.1 Fighting
 + Level 9.8 Dodging
 + Level 12.0 Shields
 * Level 17.7 Unarmed Combat


You had 14 spell levels left.
You didn't know any spells.
Your spell library contained the following spells:

 Spells                   Type           Power      Damage    Failure   Level
 Magic Dart               Conj           0%         1d3       54%         1
 Slow                     Hex            0%         N/A       54%         1
 Call Imp                 Summ           0%         N/A       67%         2
 Cigotuvi's Dreadful Rot  Necr/Pois/Air  0%         N/A       67%         2
 Ensorcelled Hibernation  Hex/Ice        0%         N/A       67%         2
 Jinxbite                 Hex            0%         N/A       67%         2
 Confusing Touch          Hex            0%         N/A       88%         3
 Hailstorm                Conj/Ice       0%         3d3       88%         3
 Mephitic Cloud           Conj/Pois/Air  0%         N/A       88%         3
 Ozocubu's Armour         Ice            0%         N/A       88%         3
 Sigil of Binding         Hex            0%         N/A       88%         3
 Vampiric Draining        Necr           0%         2d6       88%         3
 Anguish                  Hex/Necr       0%         N/A       99%         4
 Dispel Undead            Necr           0%         3d6       99%         4
 Leda's Liquefaction      Hex/Erth       0%         N/A       99%         4
 Summon Ice Beast         Ice/Summ       0%         N/A       99%         4
 Lee's Rapid Deconstruct  Erth           0%         3d4*      100%        5
 Summon Mana Viper        Hex/Summ       0%         N/A       100%        5
 Bombard                  Conj/Erth      0%         9d1       100%        6
 Death Channel            Necr           0%         N/A       100%        6
 Simulacrum               Ice/Necr       0%         N/A       100%        6
 Monstrous Menagerie      Summ           0%         N/A       100%        7
 Chain Lightning          Conj/Air       0%         N/A       100%        9


Dungeon Overview and Level Annotations

Branches:
Dungeon (14/15)            Temple (1/1) D:5            Lair (5/5) D:8
  Swamp (0/4) Lair:3       Spider (0/4) Lair:3        Slime (0/5) Lair:4
    Orc (0/2) D:12         Vaults (0/5) D:14          IceCv (visited)

Altars:
Ashenzari
Cheibriados
Dithmenos
Elyvilon
Fedhas
Gozag
Hepliaklqana
Kikubaaqudgha
Makhleb
Nemelex Xobeh
Okawaru
Qazlal
Ru
Sif Muna
Trog
Uskayaw
Vehumet
Wu Jian
Xom
Yredelemnul
Zin
The Shining One

Shops:
D:7 (   D:13 [

Portals:
Trove: D:13 (give +6 demon trident)


Innate Abilities, Weirdness & Mutations

You are too large for most types of armour.
You have claws for hands.
Your natural rate of healing is unusually fast.
You are covered in fur. (AC +1)
You have tough skin. (AC +1)


Message History

The 14-headed hydra bites you but does no damage.
The 14-headed hydra barely misses you.
Aiming: Wall Jump
Press: ? - help, Dir - move target You radiate an aura of cold.
Your hell rat seems to slow down.
The 14-headed hydra resists.
You feel less exhausted.
Your hell rat bites the 14-headed hydra!
You spin and attack the 14-headed hydra.
You tear one of the 14-headed hydra's heads off!
The 13-headed hydra grows two more!
You scratch the 15-headed hydra.
The 15-headed hydra is heavily wounded.
Your river rat is no longer moving slowly.
Your hell rat barely misses the 15-headed hydra.
You block the 15-headed hydra's attack. x3; The 15-headed hydra bites you.
* * * LOW HITPOINT WARNING * * *
The 15-headed hydra bites you but does no damage.
The 15-headed hydra bites you.
* * * LOW HITPOINT WARNING * * *
The 15-headed hydra barely misses you. The 15-headed hydra bites you.
* * * LOW HITPOINT WARNING * * *
The 15-headed hydra bites you!
* * * LOW HITPOINT WARNING * * *
A river rat scurries out from under your cloak.
The 15-headed hydra bites you but does no damage.
The 15-headed hydra barely misses you. You block the 15-headed hydra's attack.
The 15-headed hydra misses you. You block the 15-headed hydra's attack.
The 15-headed hydra bites you!
* * * LOW HITPOINT WARNING * * *
As you read the scroll of teleportation, it crumbles to dust.
You feel strangely unstable.
Your hell rat barely misses the 15-headed hydra.
The 15-headed hydra bites you.
* * * LOW HITPOINT WARNING * * *
The 15-headed hydra bites you but does no damage.
The 15-headed hydra barely misses you.
You block the 15-headed hydra's attack. x2
The 15-headed hydra bites you but does no damage.
The 15-headed hydra bites you!
You die...

####### #...#...# #..##.#
#...#...# #.#.#.# #...#...#
#..#.## #...#...# #.....#
#..)#...# ####### #...#...#
#.... #...#...# #..).
#.r.#...#######....
#.@.#r.......D.....
####.Dr#............##
#.....r)............#
#...................#
####.(..........########
#####≈≈≈~~≈~~~~≈~~~†≈≈≈≈≈≈≈
#
#≈≈≈≈≈≈≈≈≈≈≈≈≈~≈≈≈≈≈≈≈≈≈≈≈≈
≈
##≈≈≈≈≈≈≈≈≈≈≈≈≈≈≈≈≈≈≈≈≈≈≈≈≈
≈
#≈≈≈≈≈≈≈≈≈≈≈≈≈≈≈≈≈≈≈≈≈≈≈≈≈
≈


You could see a 15-headed hydra (ally target), a friendly hell rat (slow) and 2
friendly river rats.

Vanquished Creatures
  Gastronok (D:8)
  A reaper (IceCv)
  Nessos (Lair:4)
  A fire dragon (D:13)
  A vault guard (D:13)
  3 hydras
  3 catoblepae (Lair:5)
  5 centaur warriors
  An alligator (Lair:3)
  A boulder beetle (D:13)
  Erica (D:8)
  10 death yaks
  A death knight (D:14)
  Urug (D:13)
  11 skeletal warriors
  A fire crab (shapeshifter) (D:13)
  3 skysharks
  A deep elf archer (D:14)
  2 deep elf zephyrmancers (D:14)
  3 deep elf pyromancers
  A cyclops (D:14)
  10 ugly things
  6 manticores
  4 elephants
  3 black mambas
  A gargoyle (D:13)
  A torpor snail (Lair:5)
  2 ice statues (IceCv)
  9 cane toads
  Jeremiah (D:7)
  2 unseen horrors
  3 centaur skeletons (D:14)
  3 yaktaurs (D:14)
  8 komodo dragons
  3 rime drakes
  5 ice devils (IceCv)
  4 kobold demonologists
  A freezing wraith (IceCv)
  An anaconda simulacrum (IceCv)
  4 trolls
  4 meliai
  A polar bear (Lair:2)
  A wolf spider simulacrum (D:14)
  Grinder (D:4)
  4 hornets
  28 blink frogs
  Prince Ribbit (D:9)
  29 yaks
  3 dire elephant simulacra (IceCv)
  Sigmund (D:6)
  2 water elementals (D:14)
  4 wyverns
  3 steam dragons
  2 basilisks
  8 vampire mosquitoes
  Menkaure (D:4)
  3 harpy simulacra (IceCv)
  3 acid dragons
  7 water moccasins
  3 hydra simulacra (IceCv)
  An ice beast (D:3)
  2 sky beasts
  6 orc warriors
  3 black bears
  34 wolves
  An ogre (D:6)
  13 centaurs
  8 kobold brigands
  3 phantoms
  12 bullfrogs
  2 gnoll sergeants
  3 two-headed ogre simulacra (D:12)
  5 scorpions
  17 wights
  An elephant simulacrum (IceCv)
  3 killer bees
  A howler monkey (D:12)
  7 electric eels
  2 gnoll boudas
  10 hounds
  6 orc priests
  3 jellies
  2 iguanas (D:5)
  A sleepcap (D:5)
  6 orc wizards
  6 hell rats (D:5)
  A polar bear simulacrum (IceCv)
  5 spriggan simulacra
  A boggart skeleton (D:14)
  4 adders
  16 gnolls
  A naga simulacrum (D:12)
  17 river rats (D:5)
  3 shadow imps
  4 white imps
  3 ufetubi
  2 worms
  3 dart slugs
  40 orcs
  6 ball pythons
  7 bats
  5 endoplasms
  4 giant cockroaches
  3 goblins
  5 hobgoblins
  A quokka (D:1)
  5 frilled lizards
  31 kobolds
  4 rats
562 creatures vanquished.

Vanquished Creatures (collateral kills)
  A yak (Lair:5)
  A vampire mosquito (D:13)
  A wolf (Lair:1)
  A hound (D:8)
  An orc wizard (D:9)
5 creatures vanquished.

Vanquished Creatures (others)
  Sonja (Lair:3)
  A human (D:6)
2 creatures vanquished.

Grand Total: 569 creatures vanquished

Notes
Turn   | Place    | Note
-------+----------+-------------------------------------------
     0 | D:1      | FakeRyeBread the Troll Fighter began the quest for the Orb.
     0 | D:1      | Reached XP level 1. HP: 22/22 MP: 0/0
   128 | D:1      | Reached XP level 2. HP: 29/29 MP: 1/1
   726 | D:2      | Reached XP level 3. HP: 35/36 MP: 2/2
   754 | D:2      | Reached skill level 3 in Unarmed Combat
  1387 | D:3      | You fall into a shaft and drop 2 floors!
  1387 | D:5      | Entered Level 5 of the Dungeon
  1550 | D:4      | Noticed Grinder
  1634 | D:3      | Reached XP level 4. HP: 44/44 MP: 3/3
  1805 | D:3      | Noticed an ice beast
  1818 | D:3      | Killed an ice beast
  1819 | D:3      | Reached skill level 4 in Unarmed Combat
  1819 | D:3      | Reached XP level 5. HP: 45/53 MP: 4/4
  2080 | D:4      | Paralysed by Grinder for 3 turns
  2085 | D:4      | Paralysed by Grinder for 3 turns
  2099 | D:4      | Paralysed by Grinder for 5 turns
  2113 | D:4      | Paralysed by Grinder for 2 turns
  2119 | D:4      | Paralysed by Grinder for 3 turns
  2124 | D:4      | Paralysed by Grinder for 4 turns
  2131 | D:4      | Killed Grinder
  2132 | D:4      | Reached skill level 5 in Unarmed Combat
  2132 | D:4      | Reached XP level 6. HP: 42/62 MP: 5/5
  2260 | D:4      | Noticed Menkaure
  2268 | D:4      | Killed Menkaure
  2320 | D:4      | Found a sacrificial altar of Ru.
  2320 | D:4      | Found a radiant altar of Vehumet.
  2365 | D:4      | Reached XP level 7. HP: 68/68 MP: 6/6
  2646 | D:5      | Reached skill level 6 in Unarmed Combat
  2915 | D:5      | Noticed a wyvern
  2925 | D:5      | Killed a wyvern
  2926 | D:5      | Reached skill level 5 in Shields
  2926 | D:5      | Reached skill level 7 in Unarmed Combat
  2926 | D:5      | Reached XP level 8. HP: 66/79 MP: 7/7
  2966 | D:5      | Reached skill level 5 in Fighting
  3000 | D:5      | Found a staircase to the Ecumenical Temple.
  3009 | Temple   | Entered the Ecumenical Temple
  3292 | D:5      | Reached skill level 8 in Unarmed Combat
  3336 | D:5      | Found the +2 ratskin cloak {*Rats rPois rN+ Str-1 Int-1
                  | Dex+1}
  3471 | D:5      | Found a sparkling altar of Nemelex Xobeh.
  3618 | D:6      | Identified the "Othrep"
  3670 | D:6      | Reached XP level 9. HP: 68/88 MP: 8/8
  3688 | D:6      | Identified the +0 robe "Ipaceheso" {+Blink Int+3}
  3699 | D:6      | Found an ancient bone altar of Kikubaaqudgha.
  3753 | D:6      | Reached skill level 9 in Unarmed Combat
  3776 | D:6      | Found an ornate altar of the Wu Jian Council.
  3807 | D:6      | Became a worshipper of the Wu Jian Council
  3826 | D:6      | Noticed Sigmund
  3831 | D:6      | Killed Sigmund
  4194 | D:7      | Noticed Jeremiah
  4194 | D:7      | Found a stormy altar of Qazlal.
  4284 | D:7      | Found an opulent altar of Gozag.
  4411 | D:7      | Found a snail-covered altar of Cheibriados.
  4451 | D:7      | Found Nuros's Weapon Emporium.
  4496 | D:7      | Reached skill level 10 in Unarmed Combat
  4753 | D:6      | Reached * piety under Wu Jian
  4820 | D:6      | Reached XP level 10. HP: 80/92 MP: 9/9
  4853 | D:7      | Killed Jeremiah
  4860 | D:7      | Found a white marble altar of Elyvilon.
  4933 | D:7      | Found an iron altar of Okawaru.
  5054 | D:8      | Noticed Erica
  5076 | D:8      | Killed Erica
  5213 | D:8      | Noticed Gastronok
  5231 | D:8      | Killed Gastronok
  5232 | D:8      | Reached skill level 11 in Unarmed Combat
  5406 | D:8      | Found a staircase to the Lair.
  5590 | D:8      | Reached ** piety under Wu Jian
  6187 | D:9      | Noticed Prince Ribbit
  6311 | D:9      | Killed Prince Ribbit
  6312 | D:9      | Reached skill level 5 in Dodging
  6514 | D:9      | Reached XP level 11. HP: 98/99 MP: 10/10
  6976 | D:10     | Entered Level 10 of the Dungeon
  7120 | D:10     | Found a glowing golden altar of the Shining One.
  7825 | D:11     | Reached skill level 12 in Unarmed Combat
  7960 | D:11     | Reached *** piety under Wu Jian
  8316 | D:11     | Noticed a skeletal warrior
  8319 | D:11     | Noticed a skeletal warrior
  8335 | D:11     | Killed a skeletal warrior
  8357 | D:11     | Killed a skeletal warrior
  8398 | D:11     | Noticed a skeletal warrior
  8405 | D:11     | Killed a skeletal warrior
  8783 | IceCv    | Identified the "Toext"
  8813 | D:12     | Noticed a brown ugly thing
  8822 | D:12     | Killed a brown ugly thing
  8823 | D:12     | Found a frozen archway.
  8862 | IceCv    | Entered an ice cave
  8892 | IceCv    | Reached skill level 13 in Unarmed Combat
  8932 | IceCv    | Reached **** piety under Wu Jian
  8992 | IceCv    | HP: 1/111 [something] (22)]
  9290 | IceCv    | Reached XP level 12. HP: 103/120 MP: 11/11
  9598 | IceCv    | Found the +4 skin of Zhor {*Englaciate rC+++ SInv}
  9598 | IceCv    | Noticed a reaper
  9602 | IceCv    | Killed a reaper
  9739 | D:12     | Found a staircase to the Orcish Mines.
 10363 | D:12     | Reached skill level 14 in Unarmed Combat
 10647 | Lair:1   | Entered Level 1 of the Lair of Beasts
 10904 | Lair:1   | Identified the +8 dagger "Voep" {pain, *Rage rN+ rCorr
                  | Int+2}
 11516 | Lair:2   | Reached skill level 10 in Shields
 11590 | Lair:2   | Reached XP level 13. HP: 131/131 MP: 12/12
 11778 | Lair:2   | Identified the +8 whip of the Shore {heavy, rElec}
 12157 | Lair:3   | Reached ***** piety under Wu Jian
 12433 | Lair:3   | Reached skill level 15 in Unarmed Combat
 12564 | Lair:3   | Noticed Sonja
 12584 | Lair:3   | Killed Sonja
 12752 | Lair:3   | Found a hole to the Spider Nest.
 12851 | Lair:3   | Found a staircase to the Swamp.
 13267 | Lair:4   | Noticed Nessos
 13355 | Lair:4   | Killed Nessos
 13626 | Lair:3   | Reached skill level 10 in Fighting
 13790 | Lair:4   | Found a staircase to the Slime Pits.
 14064 | Lair:5   | Entered Level 5 of the Lair of Beasts
 14079 | Lair:5   | Reached skill level 16 in Unarmed Combat
 14120 | Lair:5   | Reached XP level 14. HP: 135/143 MP: 13/13
 14344 | Lair:5   | Reached ****** piety under Wu Jian
 15899 | D:13     | Noticed Urug
 15916 | D:13     | Killed Urug
 16330 | D:13     | Found Gaoc Pig's Superior Scales.
 16383 | D:13     | Reached skill level 17 in Unarmed Combat
 16471 | D:13     | Found a portal to a secret trove of treasure.
 17475 | D:14     | Reached XP level 15. HP: 120/152 MP: 14/14
 17955 | D:14     | Found a gate to the Vaults.
 18149 | D:14     | HP: 4/153 [15-headed hydra (7)]
 18150 | D:14     | Mangled by a 15-headed hydra

Illustrated notes

Levels and vault maps discovered:
D:1:      sevenhm_arrival_forest_fort_small_5, layout_loops_ring
D:2:      layout_basic
D:3:      layout_basic
D:4:      layout_rooms, nicolae_overflow_two_pavilions,
          kennysheep_generic_room_9, uniq_grinder, uniq_menkaure
D:5:      wander_guarded_unrand_ratskin, layout_cave_pools,
          nemelex_diamond_rough_becter, temple_hall, serial_bayou,
          serial_bayou_shore_b, serial_bayou_shore_a, serial_bayou_lake_a,
          serial_bayou_pond_b, serial_bayou_crossing, st_stairs_5
D:6:      layout_cave_pools, kennysheep_mini, tgw_kikubaaqudgha, uniq_sigmund
D:7:      layout_basic, nicolae_gozag_seed_capital,
          nicolae_qazlal_scattered_showers, okawaru_metal_pillars_1_2,
          mainiacjoe_overflow_alcove_4, lemuel_coloured_pillars_altar,
          serial_shops, shop, glass_columns_b, uniq_jeremiah
D:8:      layout_cave_pools, erik_lair_island, uniq_gastronok, uniq_erica
D:9:      layout_cross, uniq_prince_ribbit1
D:10:     layout_long_grid, nicolae_tso_carved_into_rock,
          minmay_fractal_squares_gapless_5
D:11:     layout_roguey
D:12:     layout_loops_corners, david_orc_2, portal_ice_cave_entry_ice_simulacra
D:13:     layout_loops_corners, enter_trove_5, hellmonk_scale_shop, uniq_urug
D:14:     layout_basic, hangedman_vaults_entry_quadrant_bands, tgw_fedhas
Temple:   bh_familiar_temple
Lair:1:   layout_gridlike
Lair:2:   layout_chaotic_city
Lair:3:   layout_hall_layers, mainiacjoe_swamp_entry_lozenge_pond,
          hellmonk_spider_entry_not_the_bees, beast_lair_carwin_8, uniq_sonja
Lair:4:   layout_loops_ring, slime_entry_1, minivault_25, st_stairs_11,
          uniq_nessos
Lair:5:   evilmike_catoblepas_cave, layout_regular_city

Skill      XL: |  1  2  3  4  5  6  7  8  9 10 11 12 13 14 15 |
---------------+----------------------------------------------+-----
Shields        | 3 4 5 6 7 9 10 11 12 | 12.0
Unarmed Combat | 3 4 5 7 8 10 11 13 14 16 17 | 17.7
Fighting       | 3 4 5 6 7 8 9 10 11 | 11.1
Dodging        | 3 5 6 7 8 9 |  9.8

Action                     |  1- 3 |  4- 6 |  7- 9 | 10-12 | 13-15 || total
---------------------------+-------+-------+-------+-------+-------++-------
  Melee: Unarmed           |   138 |    56 |   308 |   727 |   874 ||  2103
  Throw: Boomerang         |       |       |       |     2 |       ||     2
         Javelin           |       |       |       |       |     5 ||     5
 Invoke: Serpent's Lash    |       |       |       |     1 |     1 ||     2
Ability: Lunge             |       |       |     8 |    43 |    58 ||   109
         Whirlwind         |       |       |       |    93 |   106 ||   199
         Wall Jump         |       |       |       |     2 |     3 ||     5
  Evoke: Wand              |       |       |       |     9 |     2 ||    11
         Condenser vane    |       |       |       |       |     1 ||     1
    Use: Scroll            |     7 |     4 |     8 |     5 |     6 ||    30
         Potion            |       |       |       |     4 |     7 ||    11
   Stab: Sleeping          |       |     1 |       |       |       ||     1
         Distracted        |       |       |     2 |     1 |       ||     3
         Petrified         |       |       |       |       |     1 ||     1
 Armour: Robe              |    71 |    21 |    73 |       |       ||   165
         Steam dragon scal |       |       |    97 |   157 |       ||   254
         Troll leather arm |       |       |       |    61 |       ||    61
         Acid dragon scale |       |       |       |    42 |       ||    42
         Animal skin       |       |       |       |    94 |   462 ||   556
         Skin              |       |       |       |       |     7 ||     7
  Dodge: Dodged            |    37 |    11 |    74 |   136 |   216 ||   474
  Block: Kite shield       |    55 |    23 |   224 |   444 |   502 ||  1248
         Reflection        |       |       |     7 |    11 |    39 ||    57
         Other             |       |       |       |       |     3 ||     3

Table legend: (Time is in decaauts)
 A = Elapsed time spent in this place.
 B = Non-inter-level travel time spent in this place.
 C = Inter-level travel time spent in this place.
 D = Time resting spent in this place.
 E = Time spent auto-exploring this place.
 F = Levels seen in this place.
 G = Mean time per level.
                   A        B        C        D        E       F      G
               +--------+--------+--------+--------+--------+-----+--------+
         Total |  17927 |  15711 |   2216 |   1730 |   9880 |  21 |  853.7 |
       Dungeon |  12273 |  10791 |   1482 |   1047 |   7020 |  14 |  876.6 |
        Temple |     41 |      1 |     40 |      0 |      0 |   1 |   41.0 |
          Lair |   4809 |   4116 |    693 |    458 |   2630 |   5 |  961.8 |
      Ice Cave |    803 |    803 |      0 |    225 |    230 |   1 |  803.0 |
               +--------+--------+--------+--------+--------+-----+--------+

Top non-repeatable levels by time:
    D:13: 1431 daAuts
  Lair:5: 1360 daAuts
     D:8: 1118 daAuts
    D:11: 1063 daAuts
     D:5: 1011 daAuts
    D:14: 973 daAuts
    D:12: 970 daAuts
  Lair:3: 949 daAuts
    D:10: 857 daAuts
  Lair:2: 839 daAuts
  Lair:4: 831 daAuts
  Lair:1: 828 daAuts
   IceCv: 803 daAuts
     D:3: 778 daAuts
     D:6: 778 daAuts
